 Dungeon Sprint DCSS version 0.29-a0-925-g0a7a3d12f8 (webtiles) character file.

Game seed: 17328735655542804154

12 rocky1 the Digger (level 2, 0/20 HPs)
             Began as a Draconian Earth Elementalist on July 28, 2022.
             Was an Initiate of Sif Muna.
             Slain by a scorpion (3 damage)
             ... in the Dungeon (Sprint VII: "The Pits").
             The game lasted 00:01:15 (222 turns).

rocky1 the Digger (Draconian Earth Elementalist)     Turns: 222, Time: 00:01:16

Health: 0/20       AC:  4    Str: 10    XL:     2   Next: 20%
Magic:  1/5        EV: 12    Int: 15    God:    Sif Muna [......]
Gold:   0          SH:  0    Dex: 11    Spells: 4/5 levels left

rFire   . . .      SeeInvis .   j - +2 quarterstaff
rCold   . . .      Faith    .   (shield currently unavailable)
rNeg    . . .      Spirit   .   (body armour unavailable)
rPois   .          Reflect  .   (helmet restricted)
rElec   .          Harm     .   (no cloak)
rCorr   .          Rampage  .   (no gloves)
Will    .....      NoTele   +   (no boots)
Stlth   ++........              (no amulet)
HPRegen 0.06/turn               (no ring)
MPRegen 0.09/turn               (no ring)

@: lethally poisoned (0 -> -9)
A: AC +4, unfitting armour, cold-blooded
a: Renounce Religion


You were in the Dungeon.
You worshipped Sif Muna.
Sif Muna was noncommittal.
You visited 1 branch

Inventory:

Hand Weapons
 j - a +2 quarterstaff (weapon)
Scrolls
 f - a scroll of blinking
 h - 5 scrolls of amnesia
 i - a scroll of summoning
Potions
 a - 5 potions of magic
 b - a potion of curing
 c - a potion of heal wounds
 d - a potion of haste
 e - 3 potions of berserk rage
 g - 2 potions of invisibility


   Skills:
 - Level 1.7 Dodging
 - Level 1.7 Stealth
 - Level 2.0 Spellcasting
 - Level 1.0 Transmutations
 + Level 5.4 Earth Magic


You had 4 spell levels left.
You knew the following spells:

 Your Spells              Type           Power      Damage    Failure   Level
a - Sandblast             Erth           34%        2d9       2%          1

Your spell library contained the following spells:

 Spells                   Type           Power      Damage    Failure   Level
 Passwall                 Tmut/Erth      9%         N/A       9%          2
 Stone Arrow              Conj/Erth      18%        3d8       22%         3
 Petrify                  Tmut/Erth      11%        N/A       50%         4


Dungeon Overview and Level Annotations

Branches:
Dungeon (1/1)

Altars:
Ashenzari
Cheibriados
Dithmenos
Elyvilon
Fedhas
Gozag
Hepliaklqana
Kikubaaqudgha
Makhleb
Nemelex Xobeh
Okawaru
Qazlal
Ru
Sif Muna
Trog
Uskayaw
Vehumet
Wu Jian
Xom
Yredelemnul
Zin
The Shining One
Jiyva
Lugonu


Innate Abilities, Weirdness & Mutations

Your plain brown scales are hard. (AC +4)
You cannot fit into any form of body armour.
You are cold-blooded and may be slowed by cold attacks.


Message History

The blast of sand hits the scorpion!
The scorpion is moderately wounded.
The scorpion stings you.
You are poisoned.
The scorpion poisons you!
Casting: Sandblast (safe; 2% risk of failure)
Confirm with . or Enter, or press ? or * to list all spells.
Aiming: Sandblast (safe; 2% risk of failure)
Press: ? - help, Shift-Dir - straight line, f/p - scorpion
Aim: a scorpion (moderately wounded, 82% to hit)
The blast of sand hits the scorpion.
The scorpion is severely wounded.
You feel very sick. The scorpion barely misses you.
The scorpion closely misses you. The scorpion barely misses you.
Casting: Sandblast (safe; 2% risk of failure)
Confirm with . or Enter, or press ? or * to list all spells.
Aiming: Sandblast (safe; 2% risk of failure)
Press: ? - help, Shift-Dir - straight line, f/p - scorpion
Aim: a scorpion (severely wounded, 82% to hit)
The blast of sand hits the scorpion.
The scorpion is severely wounded.
You feel very sick.
The scorpion stings you but does no damage.
The scorpion stings you.
* * * LOW HITPOINT WARNING * * *
Casting: Sandblast (safe; 2% risk of failure)
Confirm with . or Enter, or press ? or * to list all spells.
Aiming: Sandblast (safe; 2% risk of failure)
Press: ? - help, Shift-Dir - straight line, f/p - scorpion
Aim: a scorpion (severely wounded, 82% to hit)
The blast of sand hits the scorpion but does no damage.
The scorpion is severely wounded.
You feel sick. The scorpion stings you.
* * * LOW HITPOINT WARNING * * *
You are lethally poisoned!
The scorpion poisons you!
The scorpion stings you but does no damage.
The scorpion stings you.
You die...

_________.#
_______...###########+
##########'##..........
#.?(.')))'.##......#..#
##########.##..........
#...........)..........
#+#####'#####......#..#
#..#..# #..........
#.Zs@.# ####'#####+
#..#### #.......# #.
#.......# # #.......#
#...<...# #.......#
#.......# #.......#
#########


You could see a scorpion and a bat skeleton.

Vanquished Creatures
  A gnoll (D)
  A bat skeleton (D)
  A quokka (D)
3 creatures vanquished.

Notes
Turn   | Place    | Note
-------+----------+-------------------------------------------
     0 | D        | rocky1 the Draconian Earth Elementalist began the quest for
                  | the Orb.
     0 | D        | Reached XP level 1. HP: 14/14 MP: 3/3
    23 | D        | Reached skill level 5 in Earth Magic
    23 | D        | Reached XP level 2. HP: 18/20 MP: 0/5
   167 | D        | Found a bloodstained altar of Trog.
   167 | D        | Found a shimmering blue altar of Sif Muna.
   167 | D        | Found a viscous altar of Jiyva.
   167 | D        | Found a hazy altar of Hepliaklqana.
   167 | D        | Found an opulent altar of Gozag.
   168 | D        | Found a glowing golden altar of the Shining One.
   168 | D        | Found a glowing silver altar of Zin.
   168 | D        | Found a basalt altar of Yredelemnul.
   168 | D        | Found a shimmering altar of Xom.
   168 | D        | Found an ornate altar of the Wu Jian Council.
   168 | D        | Found a sacrificial altar of Ru.
   168 | D        | Found a stormy altar of Qazlal.
   168 | D        | Found an iron altar of Okawaru.
   168 | D        | Found a sparkling altar of Nemelex Xobeh.
   168 | D        | Found a burning altar of Makhleb.
   168 | D        | Found a blossoming altar of Fedhas.
   168 | D        | Found a white marble altar of Elyvilon.
   168 | D        | Found a shadowy altar of Dithmenos.
   168 | D        | Found a snail-covered altar of Cheibriados.
   170 | D        | Found a radiant altar of Vehumet.
   170 | D        | Found a corrupted altar of Lugonu.
   171 | D        | Found a hide-covered altar of Uskayaw.
   171 | D        | Found an ancient bone altar of Kikubaaqudgha.
   171 | D        | Found a broken altar of Ashenzari.
   173 | D        | Became a worshipper of Sif Muna the Loreminder
   218 | D        | Noticed a scorpion
   222 | D        | Slain by a scorpion

Illustrated notes

Levels and vault maps discovered:
D:        pitsprint [storerooms_1, entrance_room_1, metal_vault_8, armoury_3,
          mini_pit_1, grid_room_1, main_hall_1, silver_pit, the_coven_1,
          the_vestibule_1, steel_vault_2, golden_pit, hallway_of_sentries,
          crystal_vault_2, iron_vault_3, final_vault]

Skill      XL: |  1 |
---------------+----+-----
Earth Magic    | 5 |  5.4
Dodging        | |  1.7
Stealth        | |  1.7
Spellcasting   | |  2.0
Transmutations | |  1.0

Action                   || total
-------------------------++-------
Melee: Quarterstaff      ||     5
 Cast: Sandblast         ||     7
 Stab: Sleeping          ||     1
Armor: Skin              ||     8
Dodge: Dodged            ||     8

Table legend: (Time is in decaauts)
 A = Elapsed time spent in this place.
 B = Non-inter-level travel time spent in this place.
 C = Inter-level travel time spent in this place.
 D = Time resting spent in this place.
 E = Time spent auto-exploring this place.
 F = Levels seen in this place.
 G = Mean time per level.
                   A        B        C        D        E       F      G
               +--------+--------+--------+--------+--------+-----+--------+
         Total |    229 |    229 |      0 |    140 |      0 |   1 |  229.0 |
       Dungeon |    229 |    229 |      0 |    140 |      0 |   1 |  229.0 |
               +--------+--------+--------+--------+--------+-----+--------+

Top non-repeatable levels by time:
       D: 229 daAuts
